 Dungeon Crawl Stone Soup version 0.29-a0-393-g47a863cc1b (webtiles) character file.

Game seed: 17612180554253661756

6 swappor the Skirmisher (level 1, -3/20 HPs)
             Began as a Minotaur Berserker on May 9, 2022.
             Was a Follower of Trog.
             Frozen to death by an endoplasm (4 damage)
             ... on level 1 of the Dungeon.
             The game lasted 00:02:13 (268 turns).

swappor the Skirmisher (Minotaur Berserker)          Turns: 268, Time: 00:02:14

Health: -3/20      AC:  2    Str: 21    XL:     1   Next: 75%
Magic:  0/0        EV: 12    Int:  4    God:    Trog [*.....]
Gold:   13         SH:  0    Dex:  9    Spells: 0/0 levels left

rFire   . . .      SeeInvis .   a - +0 hand axe
rCold   . . .      Faith    .   (no shield)
rNeg    . . .      Spirit   .   b - +0 animal skin
rPois   .          Reflect  .   (helmet restricted)
rElec   .          Harm     .   (no cloak)
rCorr   .          Rampage  .   (no gloves)
Will    .....                   (no boots)
Stlth   +.........              (no amulet)
HPRegen 0.06/turn               (no ring)
MPRegen 0.07/turn               (no ring)

@: no status effects
A: horns 2, retaliatory headbutt
a: Renounce Religion, Berserk


You were on level 1 of the Dungeon.
You worshipped Trog.
Trog was aware of your devotion.
You visited 1 branch of the dungeon, and saw 1 of its levels.

You collected 13 gold pieces.

Inventory:

Hand Weapons
 a - a +0 hand axe (weapon)
Missiles
 s - 17 stones (quivered)
Armour
 b - a +0 animal skin (worn)
Scrolls
 c - a scroll of summoning {unknown}
 d - a scroll of teleportation {unknown}


   Skills:
 + Level 3.8 Fighting
 + Level 3.7 Axes
 + Level 2.6 Armour
 + Level 2.3 Dodging


You couldn't memorise any spells.
You didn't know any spells.
Your spell library was empty.

Dungeon Overview and Level Annotations

Branches:
Dungeon (1/15)

Altars:


Innate Abilities, Weirdness & Mutations

You have a pair of horns on your head.
You reflexively headbutt those who attack you in melee.


Message History

Bad channel name for runrest: 'Jiyva says: Divide and consume' Welcome back, swappor the Minotaur Berserker.
Trog says: Kill them all!
Bad channel name for runrest: 'Jiyva says: Divide and consume' Welcome back, swappor the Minotaur Berserker.
Trog says: Kill them all!
Bad channel name for runrest: 'Jiyva says: Divide and consume' Welcome back, swappor the Minotaur Berserker.
Trog says: Kill them all!
Bad channel name for runrest: 'Jiyva says: Divide and consume' Welcome back, swappor the Minotaur Berserker.
Trog says: Kill them all!
There is an open door here.
There is an escape hatch in the floor here.
A dart slug comes into view.
A goblin comes into view. It is wielding a +0 dagger.
The dart slug launches a dart at you. The slug dart hits you.
You take 3 damage, and have 16/19 hp.
You hit the dart slug. You closely miss the goblin.
The dart slug launches a dart at you. The slug dart hits you.
The goblin hits you with a +0 dagger.
You take 7 damage, and have 9/19 hp.
MASSIVE DAMAGE!!
You completely miss the dart slug. You headbutt the dart slug!
You kill the dart slug!
Trog accepts your kill.
You barely miss the goblin. The goblin closely misses you.
The goblin hits you with a +0 dagger.
* * * LOW HITPOINT WARNING * * *
You see here a dart slug corpse.
You take 4 damage, and have 5/20 hp.
You closely miss the goblin. Your headbutt misses the goblin.
The goblin hits you with a +0 dagger.
* * * LOW HITPOINT WARNING * * *
You take 2 damage, and have 3/20 hp.
You slash the goblin!
You kill the goblin!
Trog accepts your kill.
Things that are here:
a +0 dagger; a goblin corpse You now have 13 gold pieces.
c - a scroll labelled ZIGETT BOUGE
d - a scroll labelled MYNANI BOQUEL You see here a +0 whip.
You open the door.
There is an open door here.
s - 17 stones (quivered)
You open the door.
There is an open door here.
There is an open door here.
Bad channel name for runrest: 'Jiyva says: Divide and consume' Welcome back, swappor the Minotaur Berserker.
Trog says: Kill them all!
Bad channel name for runrest: 'Jiyva says: Divide and consume' Welcome back, swappor the Minotaur Berserker.
Trog says: Kill them all!
You open the door.
A bat and a kobold come into view.
The kobold is wielding a +2 dagger of protection.
The kobold shouts!
The bat moves out of view.
There is an open door here.
The kobold throws a stone.
The stone misses you. The bat hits you but does no damage.
The bat barely misses you. You furiously retaliate!
You headbutt the bat.
You kill the bat!
Trog accepts your kill.
The kobold throws a stone.
The stone misses you.
There is an open door here.
The kobold throws a stone.
The stone barely misses you.
An endoplasm comes into view.
The endoplasm quivers.
You hit the kobold but do no damage. You headbutt the kobold.
The kobold hits you but does no damage.
You barely miss the kobold.
The kobold hits you with a +2 dagger of protection.
You take 2 damage, and have 7/20 hp.
You miss the kobold. The kobold hits you but does no damage.
You barely miss the kobold. Your headbutt misses the kobold.
The kobold hits you with a +2 dagger of protection.
* * * LOW HITPOINT WARNING * * *
The kobold hits you with a +2 dagger of protection.
* * * LOW HITPOINT WARNING * * *
You take 3 damage, and have 4/20 hp.
You miss the kobold. The kobold hits you but does no damage.
You miss the kobold.
The kobold hits you with a +2 dagger of protection.
* * * LOW HITPOINT WARNING * * *
You take 3 damage, and have 1/20 hp.
You hit the kobold but do no damage. The kobold closely misses you.
You furiously retaliate!
You headbutt the kobold, but do no damage.
You hit the kobold.
You kill the kobold!
Trog accepts your kill.
You hit the endoplasm. The endoplasm freezes you.
You are frozen.
You die...

###.###.###.#.........#
#.##......#.........#
#.#.....#.#..⌠)..⌠..#
###.##...##.#.........###
............'....<....'.#
..###.#.#####.........#....#
#.>.....# #..⌠...⌠..# ##.#
#####.#.# #.........#
......#.# #...@.....#
#######.# #####J##### #.#
#.# #.# #....# .#...# #.
..... .K .....# ##. .....#
.. ......#


You could see an endoplasm.

Vanquished Creatures
  A dart slug (D:1)
  A goblin (D:1)
  A kobold (D:1)
  A bat (D:1)
4 creatures vanquished.

Notes
Turn   | Place    | Note
-------+----------+-------------------------------------------
     0 | D:1      | swappor the Minotaur Berserker began the quest for the Orb.
     0 | D:1      | Reached XP level 1. HP: 19/19 MP: 0/0
   170 | D:1      | HP: 5/20 [goblin/+0 dagger (4)]
   263 | D:1      | HP: 5/20 [kobold/+2 dagger of protection (2)]
   265 | D:1      | HP: 1/20 [kobold/+2 dagger of protection (3)]
   268 | D:1      | Frozen to death by an endoplasm

Illustrated notes

Levels and vault maps discovered:
D:1:      mushboom_english_gardens, layout_loops_corners,
          shapermc_ecumenical_altar_ellora

Action                   || total
-------------------------++-------
Melee: Hand axe          ||    13
       Headbutt          ||     2
Armor: Animal skin       ||     4
Dodge: Dodged            ||     6

Table legend: (Time is in decaauts)
 A = Elapsed time spent in this place.
 B = Non-inter-level travel time spent in this place.
 C = Inter-level travel time spent in this place.
 D = Time resting spent in this place.
 E = Time spent auto-exploring this place.
 F = Levels seen in this place.
 G = Mean time per level.
                   A        B        C        D        E       F      G
               +--------+--------+--------+--------+--------+-----+--------+
         Total |    269 |    269 |      0 |      0 |      0 |   1 |  269.0 |
       Dungeon |    269 |    269 |      0 |      0 |      0 |   1 |  269.0 |
               +--------+--------+--------+--------+--------+-----+--------+

Top non-repeatable levels by time:
     D:1: 269 daAuts

Table legend:
 A = Kills in this place as a percentage of kills in entire the game.
 B = Kills by you in this place as a percentage of kills by you in the entire game.
 C = Kills by friends in this place as a percentage of kills by friends in the entire game.
 D = Other kills in this place as a percentage of other kills in the entire game.
 E = Experience gained in this place as a percentage of experience gained in the entire game.
 F = Experience gained in this place divided by the number of levels of this place that you have seen.
                   A       B       C       D       E      F
               +-------+-------+-------+-------+-------+----------------------
         Total | 100.0 | 100.0 |   N/A |   N/A | 100.0 |   9.0
       Dungeon | 100.0 | 100.0 |   N/A |   N/A | 100.0 |   9.0
               +-------+-------+-------+-------+-------+----------------------
